 Dungeon Crawl Stone Soup version 0.30.0-20-g3615ddf2f0 (webtiles) character file.

Game seed: 3145569265292025362

292 qw the Chopper (level 6, -5/38 HPs)
             Began as a Gargoyle Fighter on May 29, 2023.
             Slain by a gnoll
             ... wielding a +0 halberd
              (6 damage)
             ... on level 4 of the Dungeon.
             The game lasted 00:01:34 (2808 turns).

qw the Chopper (Gargoyle Fighter)                   Turns: 2808, Time: 00:01:34

Health: -5/38      AC: 14    Str: 22    XL:     6   Next: 33%
Magic:  6/6        EV:  8    Int:  8    God:
Gold:   237        SH:  4    Dex:  9    Spells: 5/5 levels left

rFire   . . .        Y - +2 war axe
rCold   . . .        c - +0 buckler
rNeg    + . .        o - +0 chain mail
rPois   inf          k - +0 helmet
rElec   +            (no cloak)
rCorr   .            (no gloves)
SInv    .            (no boots)
Will    +....        (no amulet) Stlth
                     n - ring of willpower
HPRegen 0.26/turn    (no ring)
MPRegen 0.10/turn

%: no passive effects
@: no status effects
A: sickness immunity, AC +4, negative energy resistance 1, electricity
resistance, torment resistance 1, petrification resistance
a: no special abilities


You were on level 4 of the Dungeon.
You visited 1 branch of the dungeon, and saw 4 of its levels.

You collected 237 gold pieces.


Innate Abilities, Weirdness & Mutations

You are immune to sickness and miasma.
Your stone body is resilient. (AC +4)
You are immune to poison.
You resist negative energy. (rN+)
You are resistant to electric shocks. (rElec)
You are resistant to unholy torment.
You are immune to petrification.


   Skills:
 - Level 4.0 Fighting
 + Level 5.6 Axes
 - Level 3.2 Armour
 - Level 3.2 Shields


You had 5 spell levels left.
You didn't know any spells.
Your spell library was empty.

Inventory:

Hand Weapons
 l - a +0 flail
 Y - a +2 war axe (weapon)
Armour
 c - a +0 buckler (worn)
 k - a +0 helmet (worn)
 o - a +0 chain mail (worn)
Jewellery
 b - a +6 ring of intelligence
 h - a ring of ice
 i - a ring of fire
 n - a ring of willpower (left hand)
Scrolls
 f - 2 scrolls of identify
Potions
 a - a potion of cancellation {unknown}
 d - 2 potions of might
 e - a potion of lignification {unknown}
 g - a potion of curing
 j - a potion of brilliance {unknown}
 m - a potion of flight {unknown}

Dungeon Overview and Level Annotations

Branches:
Dungeon (4/15)
 Temple: D:4-7

Altars:
Uskayaw
Wu Jian


Message History

Enter note:
Enter note: You hit the gnoll.
The gnoll is moderately wounded.
You slash the orc!
You kill the orc!
The gnoll closely misses you. The gnoll hits you but does no damage.
The gnoll hits you from afar with a +0 halberd.
You hit the gnoll.
The gnoll is heavily wounded.
The gnoll hits you with a +0 flail. The gnoll closely misses you.
The orc priest miscasts a cantrip.
The gnoll hits you but does no damage. x4
The gnoll hits you from afar with a +0 spear.
The orc hits you with a +0 whip. The gnoll hits you but does no damage.
You barely miss the gnoll.
The gnoll is heavily wounded.
You barely miss the orc.
The gnoll hits you but does no damage. x2; The gnoll barely misses you.
The gnoll hits you but does no damage. The orc hits you with a +0 whip.
You slash the gnoll!
You kill the gnoll!
You hit the orc.
The gnoll hits you but does no damage. x2; The gnoll barely misses you.
The orc hits you with a +0 whip.
You slash the orc!
You kill the orc!
You slash the orc priest!
The gnoll hits you but does no damage. x2; The gnoll barely misses you.
The orc priest hits you but does no damage.
You slash the orc priest!
You kill the orc priest!
The gnoll hits you from afar with a +0 halberd.
The gnoll barely misses you.
The gnoll hits you from afar with a +0 spear.
The gnoll barely misses you.
The gnoll hits you from afar with a +0 halberd.
The gnoll hits you but does no damage. The gnoll hits you with a +0 halberd.
You die...

# .# ####.####
######%......#
#...##.....%.#
#....#)..%...# ######
#.....@g%_.... . #....#
#...##)g.....# ..###
#....# #...##.g.....#
....
####....###...##.......#
#.
.........(....#####.####
# ####.............# ...
# ............<....# ...
#### ###..............#
... #...
#..............# #...


You could see 3 gnolls.

Vanquished Creatures
  A hound (D:4)
  An orc priest (D:4)
  Natasha (D:3)
  Terence (D:2)
  Robin (D:2)
  2 gnolls
  3 adders
  4 worms
  7 dart slugs
  6 orcs
  6 endoplasms
  2 giant cockroaches (D:1)
  14 goblins
  11 hobgoblins
  4 jackals
  3 kobolds
  4 quokkas
  A ball python (D:2)
  8 bats
  3 frilled lizards
  4 rats
87 creatures vanquished.

Notes
Turn   | Place    | Note
-------+----------+-------------------------------------------
     0 | D:1      | qw the Gargoyle Fighter began the quest for the Orb.
     0 | D:1      | Reached XP level 1. HP: 14/14 MP: 1/1
     0 | D:1      | 0 ||| qw: Version: 0.2-a-102-g2b76a06
     0 | D:1      | 0 ||| qw: Game counter: 391
     0 | D:1      | 0 ||| qw: Always use a shield: true
     0 | D:1      | 0 ||| qw: God list: Okawaru
     0 | D:1      | 0 ||| qw: Allow faded altars: false
     0 | D:1      | 0 ||| qw: Do Orc after D:15 true
     0 | D:1      | 0 ||| qw: Do second Lair branch before Depths: true
     0 | D:1      | 0 ||| qw: Lair rune preference: random
     0 | D:1      | 0 ||| qw: Plans: Normal, Zot:1-4, Slime:5, God:TSO, Crypt,
                  | Tomb, Pan, Hells, Abyss, Win
     0 | D:1      | 0 ||| PLANNING D:1-11
    17 | D:1      | Reached skill level 2 in Axes
    92 | D:1      | Reached XP level 2. HP: 15/19 MP: 2/2
   156 | D:1      | 156 ||| Stepping ~*~*~tactically~*~*~ (hiding).
   327 | D:1      | 327 ||| Stepping ~*~*~tactically~*~*~ (stealth).
   336 | D:1      | Reached skill level 3 in Axes
   339 | D:1      | Reached XP level 3. HP: 23/23 MP: 3/3
   493 | D:1      | 493 ||| DROPPING +0 club.
   853 | D:1      | 853 ||| READING scroll labelled XUTOLU USUXA.
   854 | D:1      | 854 ||| READING scroll labelled BUCENUEZIB.
   855 | D:1      | 855 ||| READING scroll labelled ROCIMM BINNILL.
   860 | D:1      | 860 ||| READING scroll labelled LISEYM DODA.
   861 | D:1      | 861 ||| READING scroll labelled SAOSCH HIWECW.
  1043 | D:2      | Reached XP level 4. HP: 28/28 MP: 4/4
  1128 | D:2      | Found an ornate altar of the Wu Jian Council.
  1161 | D:2      | 1161 ||| Stepping ~*~*~tactically~*~*~ (hiding).
  1243 | D:2      | Noticed Terence
  1249 | D:2      | Killed Terence
  1250 | D:2      | Reached skill level 4 in Axes
  1537 | D:2      | 1537 ||| Stepping ~*~*~tactically~*~*~ (stealth).
  1539 | D:2      | 1539 ||| Stepping ~*~*~tactically~*~*~ (stealth).
  1541 | D:2      | Noticed Robin
  1552 | D:2      | Reached XP level 5. HP: 13/32 MP: 5/5
  1564 | D:2      | Killed Robin
  1807 | D:2      | 1807 ||| UPGRADING to +0 helmet.
  1812 | D:2      | 1812 ||| READING scroll labelled UPNAIKA ETHREOPP.
  1813 | D:2      | 1813 ||| DRINKING 2 sedimented grey potions.
  1903 | D:3      | Noticed Natasha
  1904 | D:3      | 1904 ||| Stepping ~*~*~tactically~*~*~ (hiding).
  1922 | D:3      | Killed Natasha
  1923 | D:3      | Reached skill level 5 in Axes
  2132 | D:3      | 2132 ||| Stepping ~*~*~tactically~*~*~ (stealth).
  2133 | D:3      | 2133 ||| Stepping ~*~*~tactically~*~*~ (stealth).
  2174 | D:3      | 2174 ||| Stepping ~*~*~tactically~*~*~ (hiding).
  2479 | D:3      | 2479 ||| UPGRADING to +0 chain mail.
  2489 | D:3      | 2489 ||| DROPPING +0 scale mail.
  2490 | D:3      | 2490 ||| UPGRADING to ring of willpower.
  2491 | D:3      | 2491 ||| DRINKING 2 metallic grey potions.
  2492 | D:3      | 2492 ||| DRINKING potion of curing.
  2492 | D:3      | 2492 ||| (to cure confusion)
  2493 | D:3      | 2493 ||| DROPPING potion of ambrosia.
  2577 | D:4      | Reached XP level 6. HP: 34/38 MP: 6/6
  2726 | D:4      | 2726 ||| READING scroll of enchant weapon.
  2726 | D:4      | 2726 ||| ENCHANTING +1 war axe.
  2798 | D:4      | Found a hide-covered altar of Uskayaw.
  2805 | D:4      | HP: 9/38 [orc/+0 whip (4)]
  2807 | D:4      | HP: 4/38 [gnoll/+0 spear (1)]
  2807 | D:4      | HP: 1/38 [gnoll/+0 halberd (3)]
  2808 | D:4      | Slain by a gnoll

Levels and vault maps discovered:
D:1:      dpeg_arrival_court, layout_loops_ring
D:2:      layout_loops_corners, basic_altar, uniq_robin, uniq_terence
D:3:      minmay_wonky_spiral, layout_basic, uniq_natasha
D:4:      layout_basic, nicolae_uskayaw_murder_on_the_dancefloor,
          lemuel_doored_altar

Skill      XL: |  1  2  3  4  5 |
---------------+----------------+-----
Axes           | 2 3 4 5 |  5.6
Fighting       | 4 |  4.0
Armour         | |  3.2
Shields        | |  3.2

Action                     |  1- 3 |  4- 6 || total
---------------------------+-------+-------++-------
  Melee: War axe           |   103 |   165 ||   268
    Use: Scroll            |     5 |     2 ||     7
         Potion            |       |     3 ||     3
 Armour: Scale mail        |    66 |    58 ||   124
         Chain mail        |       |    33 ||    33
  Dodge: Dodged            |    45 |    84 ||   129
  Block: Buckler           |    18 |    26 ||    44

Table legend:
 A = Non-vault XP
 B = Vault XP
 C = Vault XP percentage of total XP
 D = Non-vault monster count
 E = Vault monster count
 F = Vault count percentage of total count
                 A         B        C        D         E       F
            +---------+---------+-------+---------+---------+-------
      Total |     295 |     123 |  29.4 |      72 |      15 |  17.2
            +---------+---------+-------+---------+---------+-------
        D:1 |      64 |       0 |   0.0 |      26 |       0 |   0.0
        D:2 |      56 |      71 |  55.9 |      15 |      12 |  44.4
        D:3 |      48 |      52 |  52.0 |      19 |       3 |  13.6
        D:4 |     127 |       0 |   0.0 |      12 |       0 |   0.0
            +---------+---------+-------+---------+---------+-------
